[Event "*** SCC Grand Prix: Titled Tuesday Blitz"]
[Site "Chess.com"]
[Date "2020.06.02"]
[Round "3"]
[White "Elbek_Jumanov"]
[Black "SahajGrover"]
[Result "0-1"]
[WhiteElo "2427"]
[BlackElo "2714"]
[TimeControl "180+1"]
[EndTime "10:24:48 PDT"]
[Termination "SahajGrover won by resignation"]

1. c4 c5 2. Nf3 Nc6 3. Nc3 g6 4. g3 Bg7 5. Bg2 e6 6. O-O Nge7 7. b3 d5 8. cxd5 exd5 9. Bb2 O-O 10. Rc1 b6 11. Na4 d4 12. b4 cxb4 13. Nxd4 Bxd4 14.
Bxd4 Qxd4 15. Bxc6 Nxc6 16. Rxc6 Bh3 17. d3 Qd5 0-1

[Event "*** SCC Grand Prix: Titled Tuesday Blitz"]
[Site "Chess.com"]
[Date "2020.06.02"]
[Round "3"]
[White "Anna_ChessMate"]
[Black "CroissantNeuf"]
[Result "0-1"]
[WhiteElo "2548"]
[BlackElo "2377"]
[TimeControl "180+1"]
[EndTime "10:24:49 PDT"]
[Termination "CroissantNeuf won by resignation"]

1. d4 Nf6 2. c4 e6 3. Nf3 c5 4. Nc3 cxd4 5. Nxd4 d5 6. cxd5 Nxd5 7. e4 Nxc3 8. bxc3 e5 9. Nf3 Qxd1+ 10. Kxd1 f6 11. Kc2 Be6 12. Be3 Nc6 13. Bb5 Kf7 14. Rhd1 Be7 15.
Rab1 Bxa2 16. Bxc6 Bxb1+ 17. Kxb1 bxc6 18. Rd7 Ke6 19.
Rc7 Rhc8 20. Rxa7 Rxa7 21. Bxa7 c5 0-1

[Event "*** SCC Grand Prix: Titled Tuesday Blitz"]
[Site "Chess.com"]
[Date "2020.06.02"]
[Round "3"]
[White "SahaNeelash"]
[Black "124chess"]
[Result "0-1"]
[WhiteElo "2542"]
[BlackElo "2752"]
[TimeControl "180+1"]
[EndTime "10:24:54 PDT"]
[Termination "124chess won by resignation"]

1. d4 d6 2. e4 Nf6 3. Nc3 e5 4. dxe5 dxe5 5. Qxd8+ Kxd8 6. Bg5 c6 7. O-O-O+ Nd7 8.
f4 h6 9. Bxf6+ gxf6 10. f5 Bc5 11. Bc4 Ke7 12. Nge2 b5 13. Bd3 h5 14. g3 h4 15. g4 a5 16. Rdf1 Be3+ 17. Kb1 Nc5 18. Rf3 Bg5 19. Rd1 Ba6 20. Nc1 Rhd8 21. Rff1 Bxc1 22. Kxc1 Nxd3+ 23. Rxd3 b4 0-1

[Event "*** SCC Grand Prix: Titled Tuesday Blitz"]
[Site "Chess.com"]
[Date "2020.06.02"]
[Round "3"]
[White "Anwesh9792"]
[Black "Papa12341234"]
[Result "1-0"]
[WhiteElo "2722"]
[BlackElo "2529"]
[TimeControl "180+1"]
[EndTime "10:24:55 PDT"]
[Termination "Anwesh9792 won by checkmate"]

1. d4 Nf6 2. c4 g6 3. f3 Nc6 4. d5 Ne5 5. e4 d6 6. Nc3 Bg7 7. f4 Ned7 8. Nh3 O-O 9. Be2 Nc5 10.
Nf2 e6 11. dxe6 fxe6 12. Be3 b6 13. Qc2 Bb7 14. O-O-O Qe7 15. h4 a6 16. h5 b5 17.
hxg6 hxg6 18. e5 dxe5 19. fxe5 Nfd7 20. Qxg6 Nxe5 21. Qh7+ Kf7 22. Bh5+ Kf6 23. Rhf1 Bxg2 24. Nfe4# 1-0

[Event "*** SCC Grand Prix: Titled Tuesday Blitz"]
[Site "Chess.com"]
[Date "2020.06.02"]
[Round "3"]
[White "Meri-Arabidze"]
[Black "Sam_ChessMood"]
[Result "0-1"]
[WhiteElo "2569"]
[BlackElo "2848"]
[TimeControl "180+1"]
[EndTime "10:25:00 PDT"]
[Termination "Sam_ChessMood won by resignation"]

1. d4 Nf6 2. c4 e6 3. Nc3 Bb4 4. Nf3 d5 5. Bg5 dxc4 6. e4 b5 7. a4 c6 8. e5 h6 9. Bh4 g5 10. Nxg5 hxg5 0-1

[Event "*** SCC Grand Prix: Titled Tuesday Blitz"]
[Site "Chess.com"]
[Date "2020.06.02"]
[Round "3"]
[White "Oneofmyturns"]
[Black "Koalaskakistis"]
[Result "1-0"]
[WhiteElo "2615"]
[BlackElo "2395"]
[TimeControl "180+1"]
[EndTime "10:25:06 PDT"]
[Termination "Oneofmyturns won by resignation"]

1. d4 f5 2. c4 Nf6 3. g3 e6 4. Bg2 d6 5. Nf3 Be7 6. O-O O-O 7. b3 Ne4 8. Bb2 Bf6 9. Nfd2 Nxd2 10. Qxd2 e5 11.
dxe5 dxe5 12. Rd1 c6 13. Qxd8 Rxd8 14. Rxd8+ Bxd8 15. Bxe5 Bd7 16. Nc3 Be6 17. Rd1 Nd7 18. Bd4 c5 19. Be3 Bf6 20. Bxb7 Rd8 21. Nd5 Be5 22.
Nf4 Bf7 23. Bc6 1-0

[Event "*** SCC Grand Prix: Titled Tuesday Blitz"]
[Site "Chess.com"]
[Date "2020.06.02"]
[Round "3"]
[White "PotapovaM"]
[Black "WonderChampion"]
[Result "1-0"]
[WhiteElo "2456"]
[BlackElo "1963"]
[TimeControl "180+1"]
[EndTime "10:25:06 PDT"]
[Termination "PotapovaM won by checkmate"]

1. d4 d5 2. c4 e6 3. Nf3 c6 4. Nc3 dxc4 5. g3 b5 6. Bg2 Bb4 7.
O-O Nf6 8. Ne5 Bxc3 9. bxc3 Bb7 10. a4 a6 11. Ba3 Qc7 12. Qc1 Nbd7 13. Qg5 g6 14. Nxd7 Nxd7 15. Qe7# 1-0

[Event "*** SCC Grand Prix: Titled Tuesday Blitz"]
[Site "Chess.com"]
[Date "2020.06.02"]
[Round "3"]
[White "artooon"]
[Black "TengisChess"]
[Result "1-0"]
[WhiteElo "2737"]
[BlackElo "2511"]
[TimeControl "180+1"]
[EndTime "10:25:17 PDT"]
[Termination "artooon won by resignation"]

1. e4 c6 2. d4 d5 3. e5 c5 4. c3 Nc6 5. dxc5 Nxe5 6. Nf3 Nxf3+ 7. Qxf3 Nf6 8. Bg5 e6 9. b4 Be7 10. Nd2 O-O 11. Bd3 a5 12. O-O e5 13. Qe2 e4 14.
Bb5 Be6 15. a4 h6 16. Be3 axb4 17. cxb4 d4 18. Bf4 d3 19. Qe1 Nd5 20. Bg3 f5 21.
Nxe4 fxe4 22. Qxe4 Qd7 23. Bxd7 1-0

[Event "*** SCC Grand Prix: Titled Tuesday Blitz"]
[Site "Chess.com"]
[Date "2020.06.02"]
[Round "3"]
[White "Piotrek1979"]
[Black "Mazetovic"]
[Result "1-0"]
[WhiteElo "2428"]
[BlackElo "2634"]
[TimeControl "180+1"]
[EndTime "10:25:29 PDT"]
[Termination "Piotrek1979 won by resignation"]

1. c4 Nf6 2. Nf3 g6 3. Nc3 Bg7 4. e4 d6 5. d4 O-O 6. Be2 Na6 7. O-O e5 8. d5 Nc5 9. Qc2 a5 10. Bg5 h6 11. Be3 Ng4 12. Bxc5 dxc5 13. h3 Nf6 14. Nxe5 Nh5 15. Nd3 Qg5 16. Bxh5 Qxh5 17. Rae1 b6 18.
e5 Bf5 19. Ne4 Qh4 20. f4 Rfe8 21. Qf2 Qd8 22. g4 Bd7 23. f5 gxf5 24. gxf5 Bxe5 25. Nxe5 Rxe5 26. Qg3+ 1-0

[Event "*** SCC Grand Prix: Titled Tuesday Blitz"]
[Site "Chess.com"]
[Date "2020.06.02"]
[Round "3"]
[White "gahryman"]
[Black "wonderfultime"]
[Result "0-1"]
[WhiteElo "2699"]
[BlackElo "2983"]
[TimeControl "180+1"]
[EndTime "10:25:30 PDT"]
[Termination "wonderfultime won by resignation"]

1. d4 d5 2. Bf4 Nf6 3. e3 e6 4.
Nf3 Bd6 5. Bg3 c5 6. c3 O-O 7. Nbd2 Qc7 8. dxc5 Qxc5 9. Bd3 Nbd7 10. Qe2 e5 11. e4 dxe4 12. Nxe4 Nxe4 13. Qxe4 Nf6 14. Qc4 e4 15. Bxd6 Qxd6 16. Bxe4 Re8 17. Ng5 Be6 18.
Qd4 Qxd4 19. cxd4 Nxe4 20. Nxe4 Bd5 0-1

[Event "*** SCC Grand Prix: Titled Tuesday Blitz"]
[Site "Chess.com"]
[Date "2020.06.02"]
[Round "3"]
[White "Grieve72"]
[Black "comsac"]
[Result "1-0"]
[WhiteElo "2361"]
[BlackElo "2151"]
[TimeControl "180+1"]
[EndTime "10:25:34 PDT"]
[Termination "Grieve72 won by resignation"]

1. e4 e5 2. Nf3 Nc6 3. Bc4 Bc5 4.
O-O Nf6 5. d3 d6 6. a4 a6 7. c3 Ba7 8. Bg5 Bg4 9. Nbd2 Ne7 10. Qb3 O-O 11. Bxf6 gxf6 12. h3 Bxf3 13. Nxf3 Rb8 14.
Qa2 f5 15. Ng5 Qe8 16. exf5 Nxf5 17. Rae1 h6 18. Ne4 Qd7 19. Nf6+ 1-0

[Event "*** SCC Grand Prix: Titled Tuesday Blitz"]
[Site "Chess.com"]
[Date "2020.06.02"]
[Round "3"]
[White "Shivagami"]
[Black "Mizner"]
[Result "0-1"]
[WhiteElo "2257"]
[BlackElo "2496"]
[TimeControl "180+1"]
[EndTime "10:25:43 PDT"]
[Termination "Mizner won by resignation"]

1. d4 d5 2. c4 e6 3. Nc3 Nf6 4. cxd5 Nxd5 5. e4 Nxc3 6. bxc3 c5 7. Nf3 cxd4 8. cxd4 Bb4+ 9. Bd2 Bxd2+ 10. Qxd2 O-O 11.
Bd3 Nc6 12. Bc2 Qa5 13. Qxa5 Nxa5 14. O-O b6 15. Rfd1 Bb7 16. Rac1 Rac8 17. Bb1 Nc4 18. a4 Nb2 19. Rxc8 Rxc8 20. Re1 Nxa4 21. Ne5 Nc3 22. Bd3 a5 23. Rc1 Ne2+ 0-1

[Event "*** SCC Grand Prix: Titled Tuesday Blitz"]
[Site "Chess.com"]
[Date "2020.06.02"]
[Round "3"]
[White "Mikhal867"]
[Black "Balla_Tamas"]
[Result "1-0"]
[WhiteElo "2288"]
[BlackElo "2486"]
[TimeControl "180+1"]
[EndTime "10:25:44 PDT"]
[Termination "Mikhal867 won by resignation"]

1. e4 c5 2. Nf3 e6 3. c3 d5 4. exd5 exd5 5. d4 a6 6. dxc5 Bxc5 7. Be2 Nf6 8. O-O O-O 9. Bg5 Be6 10. Nbd2 Nc6 11. Nb3 Ba7 12. Nfd4 h6 13. Bh4 g5 14.
Bg3 Ne4 15. Nxe6 fxe6 16. Bg4 Qf6 17. Nd4 Nxd4 18. cxd4 Rae8 19. Be5 Qg6 20. Bh5 Qf5 21. Bxe8 Rxe8 22. Qh5 Re7 23. g4 Qh7 24. Rac1 1-0

[Event "*** SCC Grand Prix: Titled Tuesday Blitz"]
[Site "Chess.com"]
[Date "2020.06.02"]
[Round "3"]
[White "bascheyaro"]
[Black "m_ezat"]
[Result "0-1"]
[WhiteElo "2734"]
[BlackElo "2549"]
[TimeControl "180+1"]
[EndTime "10:25:45 PDT"]
[Termination "m_ezat won by resignation"]

1. d4 Nf6 2. Nf3 g6 3. c4 Bg7 4. Nc3 O-O 5. g3 d6 6. Bg2 Nc6 7. O-O Bg4 8. h3 Bxf3 9. Bxf3 Nd7 10. e3 e5 11. d5 Ne7 12. e4 f5 13. Bg5 Nf6 14. Qc2 Qd7 15. Bg2 f4 16. gxf4 exf4 17.
e5 dxe5 18. Bxf6 Bxf6 19. Ne4 Nf5 20. Nxf6+ Rxf6 21. Qe4 Re8 22. f3 Qd6 23. Rf2 Qc5 24. a3 a5 25. b4 axb4 26. axb4 Qxb4 27. Rb1 Qc5 28. Rxb7 Nd6 29. Qb1 Nxb7 30. Qxb7 Rb6 0-1

[Event "*** SCC Grand Prix: Titled Tuesday Blitz"]
[Site "Chess.com"]
[Date "2020.06.02"]
[Round "3"]
[White "Storchnoi"]
[Black "NemtsevIgor"]
[Result "0-1"]
[WhiteElo "2028"]
[BlackElo "2297"]
[TimeControl "180+1"]
[EndTime "10:25:45 PDT"]
[Termination "NemtsevIgor won by checkmate"]

1. d4 Nf6 2. c4 g6 3. Nc3 Bg7 4. e4 d6 5. Nf3 O-O 6. Be2 e5 7. O-O Nbd7 8. Be3 Ng4 9. Bg5 f6 10. Bd2 c6 11. h3 Nh6 12. Be3 Qe7 13. Qd2 Nf7 14. Rfd1 a6 15. Rac1 Re8 16. d5 c5 17.
Qc2 Rf8 18. a3 Bh6 19. Bxh6 Nxh6 20. b4 b6 21. Rb1 f5 22. Ne1 Nf6 23. Bf3 Nf7 24.
Nd3 Ng5 25. bxc5 Nxf3+ 26. gxf3 bxc5 27. Qe2 Nh5 28. Kh2 Qh4 29. Rg1 fxe4 30. Nxe4 Qxh3# 0-1

[Event "*** SCC Grand Prix: Titled Tuesday Blitz"]
[Site "Chess.com"]
[Date "2020.06.02"]
[Round "3"]
[White "topotun"]
[Black "Aleksandar-Topalov"]
[Result "0-1"]
[WhiteElo "2673"]
[BlackElo "2445"]
[TimeControl "180+1"]
[EndTime "10:25:50 PDT"]
[Termination "Aleksandar-Topalov won by resignation"]

1. e4 e6 2. d4 d5 3. Nd2 Nf6 4.
e5 Ng8 5. f4 Ne7 6. c3 Qd7 7.
Ndf3 b6 8. Bd3 Ba6 9. Bc2 h5 10.
Ne2 g6 11. O-O c5 12. Be3 Nf5 13. Bf2 Nc6 14. Re1 Be7 15. g3 Kf8 16. Kg2 Kg7 17.
h3 Rac8 18. g4 Bxe2 19. Qxe2 hxg4 20. hxg4 Nh4+ 21. Bxh4 Bxh4 22. Rh1 Be7 23. dxc5 bxc5 24. f5 exf5 25. gxf5 gxf5 26. Rag1 Rxh1 27. Kxh1+ Kf8 28. Qg2 Ke8 29. Qg8+ Bf8 30. Rg5 Ne7 31. Rg7 Nxg8 0-1

[Event "*** SCC Grand Prix: Titled Tuesday Blitz"]
[Site "Chess.com"]
[Date "2020.06.02"]
[Round "3"]
[White "14Sokol88"]
[Black "RobertoJBM"]
[Result "1/2-1/2"]
[WhiteElo "2423"]
[BlackElo "2625"]
[TimeControl "180+1"]
[EndTime "10:25:51 PDT"]
[Termination "Game drawn by agreement"]

1. e4 c6 2. d4 d5 3. Nc3 dxe4 4. Nxe4 Nd7 5. Nf3 Ngf6 6. Nxf6+ Nxf6 7. Bc4 Nd5 8. h3 Bf5 9. c3 e6 10. O-O Be7 11. Re1 O-O 12. Ne5 h6 13. Bd3 Bxd3 14.
Nxd3 Bd6 15. a4 Qc7 16. Qe2 Rfe8 17. Bd2 Bf4 18. Nxf4 Nxf4 19. Bxf4 Qxf4 20. Qe5 Qxe5 21. Rxe5 Red8 22. g3 g6 23. Kg2 Kg7 24. h4 h5 25. Rae1 Rac8 26. Kf3 Kf6 27. R1e3 Rd5 28. Ke2 Rxe5 29. dxe5+ Ke7 30. Rd3 Rg8 31. f4 Rc8 1/2-1/2

[Event "*** SCC Grand Prix: Titled Tuesday Blitz"]
[Site "Chess.com"]
[Date "2020.06.02"]
[Round "3"]
[White "Sunnika"]
[Black "Lagmantr"]
[Result "0-1"]
[WhiteElo "2398"]
[BlackElo "2624"]
[TimeControl "180+1"]
[EndTime "10:25:51 PDT"]
[Termination "Lagmantr won by resignation"]

1. d4 Nf6 2. Nf3 c5 3. c3 cxd4 4. cxd4 e6 5. Nc3 d5 6. Bf4 Bd6 7. e3 Bxf4 8. exf4 O-O 9. Bd3 b6 10. O-O Ba6 11. Bxa6 Nxa6 12. Ne5 Rc8 13. Qe2 Nb4 14.
Rac1 Qc7 15. a3 Nc6 16. Nb5 Nxd4 17. Qe3 Qxc1 18. Qxd4 Ne4 19. f3 Qc5 20. Qxc5 Rxc5 21. Nxa7 Ra8 22. Nac6 f6 23. Ne7+ Kf8 24. Nd7+ Kxe7 25.
Nxc5 Nxc5 0-1

[Event "*** SCC Grand Prix: Titled Tuesday Blitz"]
[Site "Chess.com"]
[Date "2020.06.02"]
[Round "3"]
[White "Diego_FloresQ"]
[Black "praveenb2002"]
[Result "0-1"]
[WhiteElo "2432"]
[BlackElo "2732"]
[TimeControl "180+1"]
[EndTime "10:25:52 PDT"]
[Termination "praveenb2002 won by resignation"]

1. e4 c6 2. d4 d5 3. Nc3 dxe4 4. Nxe4 Bf5 5. Ng3 Bg6 6. h4 h6 7. Nf3 Nd7 8. h5 Bh7 9. Bd3 Bxd3 10. Qxd3 e6 11. Bd2 Ngf6 12. O-O-O Be7 13. Ne4 Nxe4 14. Qxe4 Nf6 15. Qe2 Qd5 16. Kb1 Qe4 17. Qxe4 Nxe4 18. Be3 f5 19. Ne5 f4 20. Bxf4 Nxf2 21. Ng6 Rg8 22.
Rde1 Nxh1 23. Rxe6 O-O-O 24. Nxe7+ Kd7 25. Nxg8 Kxe6 0-1

[Event "*** SCC Grand Prix: Titled Tuesday Blitz"]
[Site "Chess.com"]
[Date "2020.06.02"]
[Round "3"]
[White "PetrolulSah"]
[Black "Sharpchess22"]
[Result "0-1"]
[WhiteElo "2234"]
[BlackElo "2741"]
[TimeControl "180+1"]
[EndTime "10:25:55 PDT"]
[Termination "Sharpchess22 won by resignation"]

1. d4 Nf6 2. c4 g6 3. Nc3 Bg7 4. e4 d6 5. Be2 O-O 6. Be3 Nbd7 7.
g4 e5 8. g5 Ne8 9. d5 f5 10. gxf6 Qxf6 11. Qd2 Nc5 12. O-O-O Qf7 13. Nf3 Nf6 14. Ng5 Qe7 15. h4 h6 16. Ne6 Bxe6 17.
Bxc5 dxc5 18. dxe6 Qxe6 19. Rdg1 Kh7 20. Nd5 Rf7 21. h5 g5 22. Nxf6+ Rxf6 23. Bg4 Qxc4+ 24. Kd1 Rd6 25. Bf5+ Kh8 26. Rg3 Rad8 27. Qxd6 Rxd6+ 28. Ke1 Qc1+ 0-1

[Event "*** SCC Grand Prix: Titled Tuesday Blitz"]
[Site "Chess.com"]
[Date "2020.06.02"]
[Round "3"]
[White "francyIM"]
[Black "Onischuk_V"]
[Result "0-1"]
[WhiteElo "2658"]
[BlackElo "2930"]
[TimeControl "180+1"]
[EndTime "10:26:01 PDT"]
[Termination "Onischuk_V won by resignation"]

1. d4 d6 2. Nf3 g6 3. g3 Bg7 4.
Bg2 Nf6 5. O-O O-O 6. c4 Nc6 7.
Nc3 e5 8. dxe5 dxe5 9. Bg5 Be6 10. Qc1 Qc8 11. Rd1 Nd7 12. Nd5 Re8 13. Bh6 f6 14. Bxg7 Kxg7 15. e3 Nb6 16. Nd2 Rd8 17. Nxb6 axb6 18.
Qc3 Rd7 19. Nb3 Rxd1+ 20. Rxd1 Rxa2 21. Nc1 Ra8 22. f4 Qe8 23. Nd3 Rd8 24. Bxc6 Qxc6 25. fxe5 f5 26. b3 g5 27. Nf2 Rxd1+ 28. Nxd1 Qf3 29.
Nf2 f4 30. Qe1 fxe3 31. Nd1 e2 32. Nf2 Bd7 33. Qd2 Bc6 34. Qxg5+ Kf7 0-1

[Event "*** SCC Grand Prix: Titled Tuesday Blitz"]
[Site "Chess.com"]
[Date "2020.06.02"]
[Round "3"]
[White "Khvicha_Supatashvili"]
[Black "ZverevLev"]
[Result "1-0"]
[WhiteElo "2718"]
[BlackElo "2235"]
[TimeControl "180+1"]
[EndTime "10:26:01 PDT"]
[Termination "Khvicha_Supatashvili won by resignation"]

1. d4 Nf6 2. c4 e6 3. Nf3 d5 4. Nc3 dxc4 5. e4 b5 6. e5 Nd5 7. Nxb5 Nb6 8. Be2 Be7 9. O-O a6 10. Nc3 Nc6 11. Be3 Bb7 12. a3 Qd7 13. Qc2 h6 14.
Ne4 O-O 15. Rad1 Nd5 16. Bxc4 Na5 17. Ba2 Nxe3 18. fxe3 Bd5 19. Bb1 g6 20. Qf2 Qc6 21.
Nf6+ Bxf6 22. Rc1 Qb7 23. exf6 Rab8 24. Qh4 h5 25. Qg5 1-0

[Event "*** SCC Grand Prix: Titled Tuesday Blitz"]
[Site "Chess.com"]
[Date "2020.06.02"]
[Round "3"]
[White "GianmarcoVaR"]
[Black "PSvidler"]
[Result "0-1"]
[WhiteElo "2451"]
[BlackElo "2990"]
[TimeControl "180+1"]
[EndTime "10:26:04 PDT"]
[Termination "PSvidler won by resignation"]

1. d4 g6 2. Nf3 Bg7 3. e4 d6 4. Bd3 Nf6 5. O-O O-O 6. Bg5 Nc6 7. c3 h6 8. Bh4 g5 9. Bg3 Nh5 10. Ne1 Nxg3 11. hxg3 g4 12. Nc2 e5 13. d5 Ne7 14. Ne3 h5 15. c4 Bh6 16. Nf5 Nxf5 17. exf5 Qg5 18. Qc2 h4 19. gxh4 Qxh4 20. g3 Qh5 21. Nc3 Kg7 22. Rfe1 Rh8 23. Kf1 Qh1+ 24. Ke2 Qf3+ 25. Kf1 Bg5 26. Ne2 Rh2 27. Ng1 Qg2+ 28.
Ke2 Qxf2+ 29. Kd1 Qxg3 30. Ne2 Qe3 31. Qc1 Qxd3+ 0-1

[Event "*** SCC Grand Prix: Titled Tuesday Blitz"]
[Site "Chess.com"]
[Date "2020.06.02"]
[Round "3"]
[White "Kaua18"]
[Black "DariaVoit"]
[Result "0-1"]
[WhiteElo "2335"]
[BlackElo "2534"]
[TimeControl "180+1"]
[EndTime "10:26:06 PDT"]
[Termination "DariaVoit won by checkmate"]

1. e4 e6 2. d4 d5 3. Nd2 Nf6 4. e5 Nfd7 5. Bd3 c5 6. c3 Nc6 7. Ne2 cxd4 8. cxd4 f6 9. exf6 Nxf6 10. Nf3 Bd6 11. O-O O-O 12. Bf4 Bxf4 13. Nxf4 Ne4 14. Ne2 Rxf3 15. gxf3 Ng5 16. Kg2 e5 17. Ng1 Nxd4 18. f4 Nge6 19. Nh3 e4 20. Be2 Qh4 21. f5 Nxe2 22. fxe6 Qg4+ 23. Kh1 Qf3# 0-1

[Event "*** SCC Grand Prix: Titled Tuesday Blitz"]
[Site "Chess.com"]
[Date "2020.06.02"]
[Round "3"]
[White "Flawless_Fighter"]
[Black "lrestevez"]
[Result "1-0"]
[WhiteElo "2465"]
[BlackElo "2152"]
[TimeControl "180+1"]
[EndTime "10:26:07 PDT"]
[Termination "Flawless_Fighter won by resignation"]

1. e4 e5 2. Nf3 Nc6 3. Bb5 a6 4.
Ba4 Nf6 5. O-O b5 6. Bb3 Be7 7.
Re1 O-O 8. c3 d5 9. d4 Nxe4 10.
dxe5 Be6 11. Be3 Bc5 12. Nbd2 Bxe3 13. Rxe3 Nxd2 14. Qxd2 Qe7 15. h3 Rad8 16. Rae1 Na5 17.
Qd4 c5 18. Qf4 Nc4 19. Bxc4 dxc4 20. Ng5 h6 21. Ne4 Rd3 22. Rg3 Rxg3 23. Qxg3 Kh7 24. Qe3 Rc8 25. Rd1 Bf5 26. Nd6 Bg6 27. Nxc8 1-0

[Event "*** SCC Grand Prix: Titled Tuesday Blitz"]
[Site "Chess.com"]
[Date "2020.06.02"]
[Round "3"]
[White "GM_Levan_Pantsulaia"]
[Black "vlad_Sid"]
[Result "1-0"]
[WhiteElo "2846"]
[BlackElo "2635"]
[TimeControl "180+1"]
[EndTime "10:26:09 PDT"]
[Termination "GM_Levan_Pantsulaia won by resignation"]

1. Nf3 d5 2. g3 Bg4 3. Bg2 Nd7 4. d4 Ngf6 5. O-O c6 6. Nbd2 e6 7. Re1 Be7 8. e4 dxe4 9. Nxe4 Nxe4 10. Rxe4 Nf6 11.
Re1 O-O 12. c3 Qc7 13. Qb3 Rfd8 14. Bf4 Qb6 15. Ne5 Bf5 16. Nc4 Qxb3 17. axb3 Nd5 18. Bc1 Rd7 19. Bxd5 Rxd5 20. Nb6 axb6 21. Rxa8+ Rd8 22.
Rxd8+ Bxd8 23. Bf4 Bc2 24. Ra1 Kf8 25. b4 Ke7 26.
Ra7 1-0

[Event "*** SCC Grand Prix: Titled Tuesday Blitz"]
[Site "Chess.com"]
[Date "2020.06.02"]
[Round "3"]
[White "econpower"]
[Black "ElviraBerend"]
[Result "1-0"]
[WhiteElo "2627"]
[BlackElo "2398"]
[TimeControl "180+1"]
[EndTime "10:26:15 PDT"]
[Termination "econpower won by resignation"]

1. c4 e5 2. g3 Nc6 3. Bg2 Bc5 4.
Nc3 d6 5. e3 h5 6. h3 a6 7.
Nge2 Ba7 8. d3 h4 9. g4 Nge7 10. O-O Ng6 11. Kh2 Bd7 12. f4 exf4 13. exf4 Bxg4 14.
hxg4 h3 15. Be4 Nh4 16. Ng3 g6 17. g5 Bd4 18. Nd5 Qd7 19. Be3 O-O-O 20. Bxd4 Nxd4 21. Qd2 Qg4 22. Qf2 Ng2 23. Qxd4 1-0

[Event "*** SCC Grand Prix: Titled Tuesday Blitz"]
[Site "Chess.com"]
[Date "2020.06.02"]
[Round "3"]
[White "Doukis"]
[Black "simonachess"]
[Result "1-0"]
[WhiteElo "2402"]
[BlackElo "2161"]
[TimeControl "180+1"]
[EndTime "10:26:15 PDT"]
[Termination "Doukis won by checkmate"]

1. d4 d5 2. c4 e5 3. dxe5 d4 4. a3 Nc6 5. e3 dxe3 6. Qxd8+ Kxd8 7. Bxe3 Nxe5 8. Nc3 c6 9. O-O-O+ Kc7 10. Bf4 f6 11.
Nf3 Bg4 12. Nxe5 Bxd1 13. Nf7+ Kb6 14. Nxh8 Bh5 15. b4 a5 16. c5+ Ka7 17. Bc4 g5 18.
Bc7 axb4 19. axb4 Nh6 20. Kb2 Re8 21. Ra1# 1-0

[Event "*** SCC Grand Prix: Titled Tuesday Blitz"]
[Site "Chess.com"]
[Date "2020.06.02"]
[Round "3"]
[White "catalin009"]
[Black "EfrenRamos1"]
[Result "0-1"]
[WhiteElo "2393"]
[BlackElo "2180"]
[TimeControl "180+1"]
[EndTime "10:26:16 PDT"]
[Termination "EfrenRamos1 won by resignation"]

1. e4 c5 2. Nf3 d6 3. Bb5+ Bd7 4. Bxd7+ Nxd7 5. O-O g6 6. c3 Bg7 7. d4 e6 8. Re1 Ne7 9. Bf4 e5 10. Be3 h6 11. Qd2 Qc7 12. a4 g5 13. Na3 a6 14. Nc4 cxd4 15. b3 dxe3 16. Nxd6+ Kf8 17.
Rxe3 Nc5 18. Rb1 Rd8 19. b4 Rxd6 20. Qa2 Ne6 21. c4 g4 22. c5 Rd8 23. Nh4 Nd4 24. f3 Bf6 25. Nf5 Nexf5 26. exf5 gxf3 0-1

[Event "*** SCC Grand Prix: Titled Tuesday Blitz"]
[Site "Chess.com"]
[Date "2020.06.02"]
[Round "3"]
[White "dianamirza"]
[Black "Tomytoteph"]
[Result "0-1"]
[WhiteElo "2024"]
[BlackElo "2297"]
[TimeControl "180+1"]
[EndTime "10:26:16 PDT"]
[Termination "Tomytoteph won by resignation"]

1. d4 Nf6 2. Nf3 e6 3. e3 c5 4. Bd3 cxd4 5. exd4 Nc6 6. O-O Be7 7. Nbd2 b6 8. a3 Bb7 9. b3 Rc8 10. Bb2 O-O 11. Ne5 d6 12. Ng4 Nxg4 13. Qxg4 Bf6 14. Nf3 Ne7 15. Ng5 Bxg5 16. Qxg5 Ng6 17. Qg3 Qf6 18.
Qxd6 Nf4 19. f3 Qg5 20. g4 Nxd3 21. cxd3 Qe3+ 22. Rf2 Rc2 23. Rf1 Rxb2 24. Qc7 Bxf3 25. Qg3 Rxf2 26. Rxf2 Qe1+ 27. Rf1 Qxg3+ 28. hxg3 Bd5 0-1

[Event "*** SCC Grand Prix: Titled Tuesday Blitz"]
[Site "Chess.com"]
[Date "2020.06.02"]
[Round "3"]
[White "XDPS"]
[Black "GHANDEEVAM2003"]
[Result "1/2-1/2"]
[WhiteElo "2688"]
[BlackElo "2949"]
[TimeControl "180+1"]
[EndTime "10:26:19 PDT"]
[Termination "Game drawn by repetition"]

1. e4 e6 2. d4 d5 3. Nc3 Bb4 4. Ne2 Nf6 5. e5 Nfd7 6. a3 Be7 7. f4 c5 8. Be3 Nc6 9. Qd2 a6 10. g3 b5 11. Bg2 Qb6 12. O-O Bb7 13. Kh1 Rc8 14.
f5 cxd4 15. Nxd4 Bc5 16. fxe6 fxe6 17. Nxe6 Bxe3 18. Nxg7+ Kd8 19. Ne6+ Ke8 20. Qxd5 Na5 21. Ng7+ Kd8 22. Ne6+ Ke8 23. Ng7+ Kd8 24. Ne6+ Ke8 1/2-1/2

[Event "*** SCC Grand Prix: Titled Tuesday Blitz"]
[Site "Chess.com"]
[Date "2020.06.02"]
[Round "3"]
[White "louis198"]
[Black "Funkmaus"]
[Result "1-0"]
[WhiteElo "2467"]
[BlackElo "2201"]
[TimeControl "180+1"]
[EndTime "10:26:19 PDT"]
[Termination "louis198 won by resignation"]

1. d4 c6 2. Bf4 d5 3. e3 Nf6 4. h3 Bf5 5. Bd3 Bg6 6. Nf3 e6 7. O-O Nbd7 8. c4 Be7 9. Nc3 O-O 10. Re1 Re8 11. Bh2 a6 12. Rc1 Rc8 13. Bxg6 hxg6 14. c5 Ne4 15. Nxe4 dxe4 16. Nd2 f5 17. Qb3 Nf8 18.
Qxb7 g5 19. Nc4 f4 20. exf4 Rc7 21. Qb3 Qxd4 22. Nd6 Bxd6 23. cxd6 Qxd6 24. fxg5 Qe7 25. Bxc7 Qxc7 26. Rxe4 1-0

[Event "*** SCC Grand Prix: Titled Tuesday Blitz"]
[Site "Chess.com"]
[Date "2020.06.02"]
[Round "3"]
[White "HarutyunianTigranK"]
[Black "Bhagya_2312"]
[Result "1-0"]
[WhiteElo "2716"]
[BlackElo "2155"]
[TimeControl "180+1"]
[EndTime "10:26:21 PDT"]
[Termination "HarutyunianTigranK won by resignation"]

1. c4 e6 2. Nc3 d5 3. d4 Be7 4. cxd5 exd5 5. Bf4 c6 6. e3 Bf5 7. Nge2 Nd7 8. h4 h6 9. h5 Ngf6 10. Ng3 Bh7 11. Bd3 Bxd3 12. Qxd3 Nf8 13. Nf5 Ne6 14.
Be5 Bd6 15. O-O-O Bxe5 16. dxe5 Nd7 17. Nd6+ Kf8 18. f4 Rb8 19. g4 Nec5 20. Qc2 Qe7 21. e4 Nxe4 22. Ncxe4 dxe4 23. Nf5 Qe8 24. Qxe4 Nc5 25.
Qc4 Ne6 26. Rd6 Kg8 27. Rhd1 Kh7 28. Qc2 g6 29. hxg6+ fxg6 30. Rd7+ Kg8 31. Ne7+ 1-0

[Event "*** SCC Grand Prix: Titled Tuesday Blitz"]
[Site "Chess.com"]
[Date "2020.06.02"]
[Round "3"]
[White "HouseOfDurin"]
[Black "Sjakkerntobi"]
[Result "0-1"]
[WhiteElo "1993"]
[BlackElo "2276"]
[TimeControl "180+1"]
[EndTime "10:26:25 PDT"]
[Termination "Sjakkerntobi won by resignation"]

1. d4 Nf6 2. Bg5 e6 3. e4 Be7 4. Bxf6 Bxf6 5. e5 Be7 6. Qg4 g6 7. Bd3 d6 8. f4 Nc6 9. Nf3 dxe5 10. dxe5 Nb4 11. Be4 f5 12. exf6 Bxf6 13. c3 Nd3+ 14. Ke2 e5 15. Bxg6+ Ke7 16. Bf5 Nxf4+ 17. Kf2 Rg8 18.
Qh3 Nxh3+ 19. Bxh3 Bxh3 20. gxh3 Bh4+ 0-1